 Seeded DCSS version 0.30-a0-6-g7c9e10e132 (webtiles) character file.

Game seed: 1 (custom seed)

63 Kazon the Trooper (level 3, -1/31 HPs)
             Began as a Demigod Fighter on Aug 22, 2022.
             Slain by a gnoll
             ... wielding a +0 halberd
              (5 damage)
             ... on level 2 of the Dungeon.
             The game lasted 00:05:22 (1181 turns).

Kazon the Trooper (Demigod Fighter)                 Turns: 1181, Time: 00:05:22

Health: -1/31      AC:  9    Str: 21    XL:     3   Next: 61%
Magic:  5/5        EV:  9    Int: 10    God:
Gold:   1248       SH:  4    Dex: 13    Spells: 2/2 levels left

rFire   . . .      SeeInvis .    s - +3 falchion of Winter {venom, rCorr}
rCold   . . .      Faith    .    c - +0 buckler
rNeg    . . .      Spirit   .    b - +0 scale mail
rPois   .          Reflect  .    (no helmet)
rElec   .          Harm     .    (no cloak)
rCorr   +          Rampage  .    (no gloves)
Will    .....                    m - +2 pair of boots
Stlth   ..........               l - amulet of regeneration
HPRegen 0.90/turn                (no ring)
MPRegen 0.09/turn                (no ring)

@: no status effects
A: high MP 1, forlorn, divine attributes
a: no special abilities


You were on level 2 of the Dungeon.
You visited 1 branch of the dungeon, and saw 3 of its levels.

You collected 1432 gold pieces.
You spent 184 gold pieces at shops.

Inventory:

Hand Weapons
 a - a +0 long sword
 s - the +3 falchion of Winter (weapon) {venom, rCorr}
   (You bought it in a shop on level 3 of the Dungeon)

   It poisons the flesh of those it strikes.
   rCorr:     It protects you from acid and corrosion.
Missiles
 i - 11 stones
 k - 7 poisoned darts (quivered)
 o - 3 boomerangs
Armour
 b - a +0 scale mail (worn)
 c - a +0 buckler (worn)
 m - a +2 pair of boots (worn)
Jewellery
 l - an amulet of regeneration (around neck)
Scrolls
 j - a scroll of identify {unknown}
 n - a scroll of immolation {unknown}
Potions
 d - a potion of might
 e - a potion of berserk rage {unknown}
 f - a potion of haste {unknown}
 g - a potion of flight {unknown}
 h - a potion of attraction {unknown}


   Skills:
 * Level 3.1 Fighting
 + Level 2.5 Long Blades
 * Level 0.1 Throwing
 + Level 3.0 Armour
 + Level 1.1 Dodging
 + Level 2.9 Shields


You had 2 spell levels left.
You didn't know any spells.
Your spell library contained the following spells:

 Spells                   Type           Power      Damage    Failure   Level
 Apportation              Tloc           0%         N/A       80%         1
 Necrotise                Necr           0%         1d4       80%         1
 Summon Small Mammal      Summ           0%         N/A       80%         1


Dungeon Overview and Level Annotations

Branches:
Dungeon (3/15)

Shops:
D:3 (


Innate Abilities, Weirdness & Mutations

You have an increased reservoir of magic. (+10% MP)
You shall have no god before yourself.
Your divine heritage dramatically boosts your attributes as you level up.


Message History

You block the gnoll's attack.
The goblin shoots a sling bullet.
You block the sling bullet.
You hit the gnoll.
The gnoll is moderately wounded.
The gnoll hits you with a +0 whip.
You barely miss the gnoll.
The gnoll is moderately wounded.
The gnoll hits you with a +0 whip. The gnoll barely misses you.
The gnoll hits you but does no damage.
The gnoll hits you from afar with a +0 halberd.
You barely miss the gnoll.
The gnoll is moderately wounded.
The gnoll misses you. You block the gnoll's attack.
You slash the gnoll!
The gnoll is severely wounded.
The gnoll barely misses you.
The gnoll hits you from afar with a +0 halberd.
You barely miss the gnoll.
The gnoll is severely wounded.
The gnoll completely misses you. The gnoll misses you.
The gnoll attacks as you move away! The gnoll closely misses you.
You barely miss the gnoll.
The gnoll is severely wounded.
The gnoll hits you but does no damage.
The gnoll hits you from afar with a +0 halberd.
You barely miss the gnoll.
The gnoll is severely wounded.
You block the gnoll's attack. The gnoll barely misses you.
The gnoll hits you with a +0 whip.
The gnoll hits you from afar with a +0 halberd!
* * * LOW HITPOINT WARNING * * *
You hit the gnoll.
You kill the gnoll!
The gnoll hits you from afar with a +0 halberd.
* * * LOW HITPOINT WARNING * * *
The gnoll hits you but does no damage. x2
Things that are here:
a +0 whip; a gnoll corpse The gnoll attacks as you move away!
The gnoll hits you with a +0 halberd.
You die...

..###..# #.# .##.#..######
#.# ............####.#
###..............#
#..####.#################
#..####.................#
#................######.#
#..#############.######.###
##.# #....@ggg..#.......#
#.# #.#######..#.###.#.# #.#
##.## #..# #.#.#
#.####...#### #..# #...#.#
#.##........# #.....?##..#.#
#.##.#...##.# #g.....##..#.#
..##.##.## ..........#.....
###...#.#######.....g.#.....
#....).......(......#.....


You could see 2 gnolls and a goblin.

Vanquished Creatures
  A gnoll (D:2)
  2 adders (D:2)
  A worm (D:2)
  7 endoplasms
  A giant cockroach (D:1)
  4 goblins (D:1)
  3 hobgoblins
  3 kobolds
  A quokka (D:1)
  A ball python (D:2)
  2 bats
  4 rats
30 creatures vanquished.

Notes
Turn   | Place    | Note
-------+----------+-------------------------------------------
     0 | D:1      | Kazon the Demigod Fighter began the quest for the Orb.
     0 | D:1      | Reached XP level 1. HP: 18/18 MP: 3/3
    87 | D:1      | Identified a scroll of acquirement
    87 | D:1      | Acquired 1278 gold pieces
   368 | D:1      | Reached XP level 2. HP: 17/25 MP: 4/4
   936 | D:3      | Found Umat's Antique Weapon Boutique.
   948 | D:3      | Bought a crude falchion for 184 gold pieces
   948 | D:3      | Identified the +3 falchion of Winter {venom, rCorr} (You
                  | bought it in a shop on level 3 of the Dungeon)
  1004 | D:2      | Reached XP level 3. HP: 31/31 MP: 5/5
  1013 | D:2      | Reached skill level 1 in Dodging
  1181 | D:2      | Slain by a gnoll

Illustrated notes

Levels and vault maps discovered:
D:1:      dpeg_arrival_three_smaller_balls, layout_basic
D:2:      layout_loops_ring
D:3:      layout_basic, serial_shops, nicolae_shop_stone, st_stairs_7

Skill      XL: |  1  2  3 |
---------------+----------+-----
Long Blades    | 2 |  2.5
Armour         | 3 |  3.0
Fighting       | 3 |  3.1
Dodging        | 1 |  1.1
Throwing       | |  0.1
Shields        | |  2.9

Action                   || total
-------------------------++-------
Melee: Long sword        ||    81
       Falchion          ||    27
Throw: Stone             ||     1
       Dart              ||     1
  Use: Scroll            ||     1
Armor: Scale mail        ||    61
Dodge: Dodged            ||    81
Block: Buckler           ||    39

Table legend: (Time is in decaauts)
 A = Elapsed time spent in this place.
 B = Non-inter-level travel time spent in this place.
 C = Inter-level travel time spent in this place.
 D = Time resting spent in this place.
 E = Time spent auto-exploring this place.
 F = Levels seen in this place.
 G = Mean time per level.
                   A        B        C        D        E       F      G
               +--------+--------+--------+--------+--------+-----+--------+
         Total |   1213 |   1199 |     14 |      0 |    324 |   3 |  404.3 |
       Dungeon |   1213 |   1199 |     14 |      0 |    324 |   3 |  404.3 |
               +--------+--------+--------+--------+--------+-----+--------+

Top non-repeatable levels by time:
     D:1: 775 daAuts
     D:2: 372 daAuts
     D:3: 65 daAuts
